 Dungeon Crawl Stone Soup version 0.31-a0-836-g3ceb0a68c4 (webtiles) character file.

Game seed: 8038337887008943876

103 LeprechaunX the Changeling (level 4, -4/29 HPs)
             Began as an Octopode Shapeshifter on Sept 26, 2023.
             Slain by Grinder (10 damage)
             ... on level 3 of the Dungeon.
             The game lasted 00:02:05 (1475 turns).

LeprechaunX the Changeling (Octopode Shapeshifter)  Turns: 1475, Time: 00:02:05

Health: -4/29      AC:  1    Str: 15    XL:     4   Next: 79%
Magic:  4/4        EV: 13    Int: 12    God:
Gold:   167        SH:  0    Dex: 11    Spells: 3/3 levels left

rFire   . .          .
                       - Unarmed
rCold   . . .        (no shield)
rNeg    . . .        (helmet currently unavailable)
rPois   .            d - amulet of regeneration
rElec   .            (no ring)
rCorr   .            (no ring)
SInv    .            (no ring)
Will    .....        (no ring)
Stlth   ++           (no ring)
HPRegen 1.04/turn    (no ring)
MPRegen 0.09/turn    (no ring)
                     (no ring)

%: no passive effects
@: beast-form
A: beast (slay +2), almost no armour, amphibious, 8 rings, camouflage 1,
gelatinous body 1, (nimble swimmer 1), tentacles
a: Begin Untransformation


You were on level 3 of the Dungeon.
You were a hulking beast.
You visited 1 branch of the dungeon, and saw 3 of its levels.

You collected 167 gold pieces.

Inventory:

Hand Weapons
 a - a +0 orcbow
Missiles
 i - 6 boomerangs
Jewellery
 d - an amulet of regeneration (around mantle)
 f - an amulet of faith
Talismans
 b - a beast talisman (active)
 c - a flux talisman
 m - a blade talisman
 w - a serpent talisman
Scrolls
 e - a scroll of butterflies {unknown}
 g - a scroll of brand weapon {unknown}
 h - 2 scrolls of blinking {unknown}
 l - a scroll of poison {unknown}
 p - a scroll of teleportation {unknown}
 r - a scroll of vulnerability {unknown}
 u - 3 scrolls of immolation {unknown}
 v - a scroll of acquirement {unknown}
Potions
 j - a potion of cancellation {unknown}
 k - 2 potions of might {unknown}
 n - a potion of lignification
 o - a potion of mutation {unknown}
 q - a potion of brilliance {unknown}
 s - a potion of curing {unknown}
 t - a potion of magic {unknown}


   Skills:
 + Level 2.0 Fighting
 + Level 2.7 Dodging
 + Level 3.5 Unarmed Combat
 * Level 3.9 Shapeshifting


You had 3 spell levels left.
You didn't know any spells.
Your spell library contained the following spells:

 Spells                   Type           Power      Damage    Failure   Level
 Necrotise                Necr           0%         1d4       32%         1
 Ignite Poison            Fire/Tmut/Pois 0%         N/A       69%         3
 Vampiric Draining        Necr           0%         2d6       69%         3
 Sticky Flame             Conj/Fire      0%         2d3       97%         4
 Agony                    Necr           0%         N/A       100%        5
 Ignition                 Fire           0%         3d3       100%        8


Dungeon Overview and Level Annotations

Branches:
Dungeon (3/15)

Altars:

Annotations:
D:3 1 runed translucent door, Crazy Yiuf, Grinder


Innate Abilities, Weirdness & Mutations

You are a hulking beast.
Your limbs bulge with bestial killing power. (Slay +2)
You cannot wear most types of armour.
You are amphibious.
You can wear up to eight rings at the same time.
Your skin changes colour to match your surroundings (Stealth+).
Your rubbery body absorbs attacks. (AC +1, EV +1)
((You are camouflaged when in or above water. (Stealth+)))
You have tentacles for arms and can constrict up to eight enemies at once.


Message History

Press: ? - help, Q - select action, (/) - cycle Shift-Dir - straight line, f/p - Grinder
Aim: Grinder, carrying a wand of flame (heavily wounded, 39% to hit)
You shoot an arrow. The arrow barely misses Grinder.
Grinder zaps a wand.
The puff of flame hits you but does no damage.
Fire: a) +0 orcbow
Press: ? - help, Q - select action, (/) - cycle Shift-Dir - straight line, f/p - Grinder
Aim: Grinder, carrying a wand of flame (heavily wounded, 39% to hit)
You shoot an arrow. The arrow closely misses Grinder.
You are now empty-handed.
Grinder hits you but does no damage.
You barely miss Grinder.
Grinder is heavily wounded.
You barely miss Grinder.
Grinder is heavily wounded.
Grinder zaps a wand.
The puff of flame hits you but does no damage.
You closely miss Grinder. Your punch misses Grinder.
Grinder is heavily wounded.
Grinder blinks!
a - a +0 orcbow (weapon)
Grinder zaps a wand.
The puff of flame misses you.
You are too injured to fight recklessly!
Fire: a) +0 orcbow
Press: ? - help, Q - select action, (/) - cycle Shift-Dir - straight line, f/p - Grinder
Aim: Grinder, carrying a wand of flame (heavily wounded, 39% to hit)
You shoot an arrow. The arrow barely misses Grinder.
You feel less wooden.
You turn into a hulking beast.
You are now empty-tentacled.
Grinder says, "Mostly I couldn't keep them alive."
Grinder blinks!
Grinder gestures at you. Pain shoots through your body!
* * * LOW HITPOINT WARNING * * *
You tentacle-slap Grinder. You grab Grinder.
Grinder is heavily wounded.
You constrict Grinder, but do no damage.
Grinder hits you!
You die...
Grinder says, "Now the real fun starts!"

.....................###
...######...............
####..........#.### #
###.......#..####..#
#.###...####..†.)# #
#..."...##...###.#
####.##.##.§)###.####
##.#......)).......
#..#..(.h.........g
##.##....5...##.###.
#..##........##.#
###.###........#
#####...# #........#
##.....### #........#
.........###......[)#
########.......######
#######...#####..


You could see Grinder.

Vanquished Creatures
  Jessica (D:3)
  4 gnolls (D:3)
  An orc (D:3)
  2 ball pythons
  2 bats
  4 endoplasms
  9 goblins
  6 hobgoblins
  A frilled lizard (D:2)
  A kobold (D:2)
  4 rats
35 creatures vanquished.

Notes
Turn   | Place    | Note
-------+----------+-------------------------------------------
     0 | D:1      | LeprechaunX the Octopode Shapeshifter began the quest for
                  | the Orb.
     0 | D:1      | Reached XP level 1. HP: 13/13 MP: 1/1
   682 | D:2      | Reached XP level 2. HP: 17/18 MP: 2/2
  1233 | D:3      | Noticed Jessica
  1241 | D:3      | Killed Jessica
  1242 | D:3      | Reached XP level 3. HP: 18/24 MP: 3/3
  1259 | D:3      | Reached XP level 4. HP: 27/29 MP: 4/4
  1315 | D:3      | Found a runed translucent door.
  1316 | D:3      | Noticed Crazy Yiuf
  1433 | D:3      | Noticed Grinder
  1443 | D:3      | Paralysed by Grinder for 4 turns
  1475 | D:3      | Slain by Grinder

Illustrated notes

Levels and vault maps discovered:
D:1:      ldierk_walled_garden, layout_basic
D:2:      layout_basic
D:3:      layout_rooms, minmay_goblin_kobold_house, uniq_jessica, uniq_grinder,
          uniq_crazy_yiuf_cottage

Skill      XL: |  1  2  3  4 |
---------------+-------------+-----
Fighting       | 2 |  2.0
Dodging        | |  2.7
Unarmed Combat | |  3.5
Shapeshifting  | |  3.9

Action                     |  1- 3 |  4- 6 || total
---------------------------+-------+-------++-------
  Melee: Unarmed           |    40 |    35 ||    75
         Constrict         |    11 |     6 ||    17
         Tentacles         |     7 |     3 ||    10
         Punch             |     4 |       ||     4
   Fire: Orcbow            |       |    15 ||    15
    Use: Potion            |       |     1 ||     1
   Stab: Sleeping          |     3 |       ||     3
         Distracted        |       |     1 ||     1
 Armour: Skin              |    19 |    33 ||    52
  Dodge: Dodged            |    16 |    16 ||    32

Table legend: (Time is in decaauts)
 A = Elapsed time spent in this place.
 B = Non-inter-level travel time spent in this place.
 C = Inter-level travel time spent in this place.
 D = Time resting spent in this place.
 E = Time spent auto-exploring this place.
 F = Levels seen in this place.
 G = Mean time per level.
                   A        B        C        D        E       F      G
               +--------+--------+--------+--------+--------+-----+--------+
         Total |   1474 |   1433 |     41 |      0 |   1187 |   3 |  491.3 |
       Dungeon |   1474 |   1433 |     41 |      0 |   1187 |   3 |  491.3 |
               +--------+--------+--------+--------+--------+-----+--------+

Top non-repeatable levels by time:
     D:1: 609 daAuts
     D:2: 560 daAuts
     D:3: 304 daAuts
